 Dungeon Crawl Stone Soup version 0.27-a0-1147-gb3d8e82157 (webtiles) character file.

Game seed: 8443167339318644538

25 shoop the Stinger (level 3, -1/31 (33) HPs)
             Began as an Ogre Venom Mage on May 11, 2021.
             Was an Initiate of Zin.
             Slain by a wight
             ... wielding a +4 dagger
              (6 damage)
             ... on level 5 of the Dungeon.
             The game lasted 00:02:13 (1729 turns).

shoop the Stinger (Ogre Venom Mage)                 Turns: 1729, Time: 00:02:14

HP:   -1/31 (33)    AC:  3    Str: 13    XL:     3   Next: 4%
MP:   5/7           EV:  9    Int: 16    God:    Zin [......]
Gold: 54            SH:  0    Dex:  9    Spells: 6/7 levels left

rFire    . . .     SeeInvis .   b - +0 club
rCold    . . .     Faith    .   (no shield)
rNeg     . . .     Spirit   .   a - +0 robe
rPois    .         Reflect  .   (helmet restricted)
rElec    .         Harm     .   (no cloak)
rCorr    .         Rampage  .   (gloves unavailable)
Will     .....                  (boots unavailable)
Stlth    +.........             (no amulet)
HPRegen  0.10/turn              (no ring)
MPRegen  0.10/turn              (no ring)

@: drained
A: large, unfitting armour, tough skin 1
a: Renounce Religion, Donate Gold


You were on level 5 of the Dungeon.
You worshipped Zin.
Zin was noncommittal.
You visited 1 branch of the dungeon, and saw 5 of its levels.

You collected 59 gold pieces.
You donated 5 gold pieces to Zin.

Inventory:

Hand Weapons
 b - a +0 club (weapon)
Armour
 a - a +0 robe (worn)
Scrolls
 c - a scroll of enchant armour {unknown}
 d - a scroll of identify {unknown}


   Skills:
 + Level 1.3 Fighting
 - Level 1.7 Dodging
 - Level 1.4 Stealth
 + Level 2.7 Spellcasting
 + Level 1.3 Transmutations
 * Level 3.1 Poison Magic


You had 6 spell levels left.
You knew the following spells:

 Your Spells              Type           Power      Damage    Failure   Level
a - Sting                 Tmut/Pois      36%        1d4       8%          1

Your spell library contained the following spells:

 Spells                   Type           Power      Damage    Failure   Level
 Poisonous Vapours        Pois/Air       14%        N/A       16%         2
 Ignite Poison            Fire/Tmut/Pois 7%         N/A       30%         3
 Mephitic Cloud           Conj/Pois/Air  5%         N/A       36%         3
 Olgreb's Toxic Radiance  Pois           12%        N/A       45%         4


Dungeon Overview and Level Annotations

Branches:
Dungeon (5/15)
 Temple: D:4-7

Altars:
Zin


Innate Abilities, Weirdness & Mutations

You are too large for most types of armour.
You have tough skin. (AC +1)


Message History

You see here a +0 ring mail.
There is a stone staircase leading down here.
You climb downwards.
Found a scroll labelled DURHOA LOIMO and 18 gold pieces.
Found a stone staircase leading up.
There is a stone staircase leading up here.
d - a scroll labelled DURHOA LOIMO
There is a stone staircase leading up here.
Found a stone staircase leading down.
Found 11 stones.
There is a stone staircase leading down here.
You climb downwards.
A wight comes into view. It is wielding a +3 hand axe.
There is a stone staircase leading up here.
Found a morningstar.
Found a stone staircase leading down.
A wight comes into view. It is wielding a +4 dagger.
The wight hits you with a +4 dagger.
You see here a +0 morningstar.
You closely miss the wight. The wight hits you with a +4 dagger!
Casting: Sting (safe; 8% risk of failure)
Confirm with . or Enter, or press ? or * to list all spells.
Aiming: Sting (safe; 8% risk of failure)
Press: ? - help, Shift-Dir - straight line, f - wight
Aim: a wight, wielding a +4 dagger and wearing a +0 robe (68% to hit)
The sting hits the wight but does no damage.
The wight barely misses you.
Casting: Sting (safe; 8% risk of failure)
Confirm with . or Enter, or press ? or * to list all spells.
Aiming: Sting (safe; 8% risk of failure)
Press: ? - help, Shift-Dir - straight line, f/p - wight
Aim: a wight, wielding a +4 dagger and wearing a +0 robe (68% to hit)
The sting hits the wight.
The wight partially resists.
The wight is lightly damaged.
The wight hits you with a +4 dagger.
You feel drained.
You hit the wight but do no damage.
The wight is lightly damaged.
The wight hits you with a +4 dagger!
* * * LOW HITPOINT WARNING * * *
You feel drained.
You die...

###.#.# .
...#
###.....
.......
#....## #
#..#>. #
#.#...z#
.#.#.##.#@#
........#z#
# #...<#.#
.....##.#.#
..........#
####.#.####
# #. ##


You could see 2 wights.

Vanquished Creatures
  3 endoplasms
  A goblin (D:1)
  A hobgoblin (D:2)
  4 jackals (D:1)
  4 kobolds
  2 quokkas (D:2)
  A ball python (D:1)
  A bat (D:2)
  A frilled lizard (D:1)
  4 rats
22 creatures vanquished.

Notes
Turn   | Place    | Note
-------+----------+-------------------------------------------
     0 | D:1      | shoop the Ogre Venom Mage began the quest for the Orb.
     0 | D:1      | Reached XP level 1. HP: 16/16 MP: 3/3
    41 | D:1      | Reached skill level 1 in Transmutations
   239 | D:1      | Reached XP level 2. HP: 3/26 MP: 3/5
   689 | D:1      | Reached skill level 3 in Poison Magic
   702 | D:1      | Reached skill level 1 in Fighting
  1243 | D:2      | Found a glowing silver altar of Zin.
  1466 | D:2      | Reached XP level 3. HP: 31/33 MP: 1/7
  1477 | D:2      | Became a worshipper of Zin the Law-Giver
  1718 | D:5      | Entered Level 5 of the Dungeon
  1729 | D:5      | Slain by a wight

Illustrated notes

Levels and vault maps discovered:
D:1:      dpeg_arrival_pond, layout_loops_corners, serial_shops, shop
D:2:      layout_basic, basic_altar, uniq_crazy_yiuf_cottage, uniq_natasha
D:3:      layout_basic, shapermc_ecumenical_altar_mp_highgroup, minmay_ruptured
D:4:      layout_gridville, grunt_tough_drop
D:5:      layout_basic, serial_shops, shop, patterned_corridor

Skill      XL: |  1  2 |
---------------+-------+-----
Transmutations | 1 |  1.3
Poison Magic   | 3 |  3.1
Fighting       | 1 |  1.3
Dodging        | |  1.7
Stealth        | |  1.4
Spellcasting   | |  2.7

Action                   || total
-------------------------++-------
Melee: Club              ||    53
 Cast: Sting             ||    27
 Stab: Sleeping          ||     1
Armor: Robe              ||    14
Dodge: Dodged            ||    31

Table legend: (Time is in decaauts)
 A = Elapsed time spent in this place.
 B = Non-inter-level travel time spent in this place.
 C = Inter-level travel time spent in this place.
 D = Time resting spent in this place.
 E = Time spent auto-exploring this place.
 F = Levels seen in this place.
 G = Mean time per level.
                   A        B        C        D        E       F      G
               +--------+--------+--------+--------+--------+-----+--------+
         Total |   1743 |   1725 |     18 |      0 |   1483 |   5 |  348.6 |
       Dungeon |   1743 |   1725 |     18 |      0 |   1483 |   5 |  348.6 |
               +--------+--------+--------+--------+--------+-----+--------+

Top non-repeatable levels by time:
     D:1: 986 daAuts
     D:2: 614 daAuts
     D:3: 112 daAuts
     D:4: 19 daAuts
     D:5: 11 daAuts
